 Dungeon Crawl Stone Soup version 0.20.0-15-g7f486f2 (console) character file.

91 Kloppie the Slasher (level 4, -9/40 HPs)
             Began as a Minotaur Gladiator on July 1, 2017.
             Killed by divine providence
             ... invoked by an orc priest
              (14 damage)
             ... on level 3 of the Dungeon.
             The game lasted 00:02:09 (1793 turns).

Kloppie the Slasher (Minotaur Gladiator)            Turns: 1793, Time: 00:02:10

Health: -9/40      AC:  4    Str: 19    XL:     4   Next: 34%
Magic:  3/3        EV: 13    Int:  5    God:
Gold:   77         SH:  2    Dex: 12    Spells: 3/3 levels left

rFire    . . .     SeeInvis .   a - +0 long sword
rCold    . . .     Gourm    .   (no shield)
rNeg     . . .     Faith    .   b - +0 leather armour
rPois    .         Spirit   .   c - +0 hat
rElec    .         Reflect  +   (no cloak)
rCorr    .         Harm     .   (no gloves)
MR       .....                  (no boots)
Stlth    +.........             q - +2 amulet of reflection
Regen    0.2/turn               o - +1 ring of protection
MPRegen  0.1/turn               (no ring)

@: no status effects
A: retaliatory headbutt, horns 2
a: no special abilities


You were on level 3 of the Dungeon.
You were not hungry.

You visited 1 branch of the dungeon, and saw 3 of its levels.

You collected 77 gold pieces.

Inventory:

Hand Weapons
 a - a +0 long sword (weapon)
Missiles
 d - 3 throwing nets (quivered)
Armour
 b - a +0 leather armour (worn)
 c - a +0 hat (worn)
 r - a +1 leather armour of fire resistance
Jewellery
 o - a +1 ring of protection (left hand)
 q - a +2 amulet of reflection (around neck)
Scrolls
 h - a scroll of identify {unknown}
 j - 2 scrolls of teleportation {unknown}
 m - 2 scrolls of remove curse {unknown}
Potions
 e - a potion of agility {unknown}
 i - 2 potions of heal wounds
 l - a potion of curing {unknown}
 n - a potion of brilliance {unknown}
 p - a potion of degeneration {unknown}
Comestibles
 f - 2 bread rations
 g - 6 chunks of flesh
 k - a meat ration


   Skills:
 + Level 4.3 Fighting
 - Level 5.1 Long Blades
 - Level 2.0 Throwing
 - Level 3.2 Dodging


You had 3 spell levels left.
You didn't know any spells.

Dungeon Overview and Level Annotations

Branches:
Dungeon (3/15)

Altars:


Innate Abilities, Weirdness & Mutations

You reflexively headbutt those who attack you in melee.
You have a pair of horns on your head.


Message History

The orc priest hits you with a short sword.
The orc priest hits you with a whip!
* * * LOW HITPOINT WARNING * * *
You are too injured to fight recklessly!
It was a potion of heal wounds.
You feel much better. The orc priest misses you. You furiously retaliate!
You headbutt the orc priest. You block the orc priest's attack.
The orc priest hits you with a whip.
You hit the orc priest but do no damage.
The orc priest calls down the wrath of Beogh upon you.
Beogh smites you! You block the orc priest's attack.
The orc priest mumbles some strange prayers to Beogh against you.
Pain shoots through your body!
* * * LOW HITPOINT WARNING * * *
The orc priest mumbles some strange prayers to Beogh against you.
Beogh smites you!
* * * LOW HITPOINT WARNING * * *
The orc priest calls down the wrath of Beogh upon you.
Beogh smites you!
You die...

..####..# ........##
.........##
).)###.....##### <..#
.........##
##.......<......#####
##..#...............###
..#.....# #...$.oo#...#
#. ####..###....@o..# #
## #.......###..# ..
#####..## .... # .##
##.# ..## # ..# ###.##
..# #### #.# ##(...# ..
...# #.###.##### .
##.###.#..## #........#


You could see 3 orc priests.

Vanquished Creatures
  2 adders
  An ooze (D:2)
  3 worms
  3 dart slugs
  4 leopard geckos (D:1)
  2 orcs (D:3)
  A giant cockroach (D:3)
  5 goblins
  6 hobgoblins
  3 quokkas
  7 bats
  2 frilled lizards
  4 kobolds
  7 rats
50 creatures vanquished.

Notes
Turn   | Place    | Note
-------+----------+-------------------------------------------
     0 | D:1      | Kloppie the Minotaur Gladiator began the quest for the Orb.
     0 | D:1      | Reached XP level 1. HP: 18/18 MP: 0/0
    56 | D:1      | Reached skill level 4 in Long Blades
   152 | D:1      | Reached XP level 2. HP: 21/25 MP: 1/1
   690 | D:2      | Reached skill level 5 in Long Blades
   949 | D:2      | Reached XP level 3. HP: 30/30 MP: 2/2
  1663 | D:3      | Reached XP level 4. HP: 33/40 MP: 3/3
  1793 | D:3      | Killed from afar by an orc priest

Skill      XL: |  1  2  3  4 |
---------------+-------------+-----
Long Blades    | 4 5 |  5.1
Fighting       | 3 4 |  4.3
Throwing       | |  2.0
Dodging        | |  3.2

Action                   |  1- 3 |  4- 6 || total
-------------------------+-------+-------++-------
Melee: Long sword        |    70 |    20 ||    90
       Headbutt          |    14 |       ||    14
  Use: Potion            |       |     1 ||     1
  Eat: Chunk             |     2 |     1 ||     3
Armor: Leather armour    |    15 |     2 ||    17
Dodge: Dodged            |    62 |    12 ||    74
Block: Other             |       |     4 ||     4
       Rpst.: Long sword |    17 |     5 ||    22
